 Dungeon Crawl Stone Soup version 0.29-a0-557-g43b9904bd1 (webtiles) character file.

Game seed: 13141204939753952830

2353 ZappyNine the Thaumaturge (level 9, -2/52 HPs)
             Began as a Deep Elf Conjurer on June 8, 2022.
             Was an Initiate of Vehumet.
             Slain by a vampire mosquito (6 damage)
             ... on level 6 of the Dungeon.
             The game lasted 00:18:03 (8981 turns).

ZappyNine the Thaumaturge (Deep Elf Conjurer)       Turns: 8981, Time: 00:18:04

Health: -2/52      AC:  9    Str:  4    XL:     9   Next: 20%
Magic:  3/23       EV: 13    Int: 31    God:    Vehumet [......]
Gold:   427        SH:  0    Dex: 17    Spells: 10/24 levels left

rFire   x . .      SeeInvis .   c - +3 dagger (speed)
rCold   . . .      Faith    .   l - orb {*channel}
rNeg    + . .      Spirit   .   a - +2 robe
rPois   .          Reflect  .   (no helmet)
rElec   .          Harm     .   x - +0 cloak of Mysticism {rF- rCorr Int+3 Dex+4}
rCorr   +          Rampage  .   (no gloves)
Will    .....                   (no boots)
Stlth   ++........              (no amulet)
HPRegen 0.17/turn               p - +4 ring of protection
MPRegen 0.18/turn               n - ring of positive energy

@: no status effects
A: no striking features
a: Renounce Religion


You were on level 6 of the Dungeon.
You worshipped Vehumet.
Vehumet was noncommittal.
You visited 2 branches of the dungeon, and saw 7 of its levels.

You collected 427 gold pieces.

Inventory:

Hand Weapons
 c - a +3 dagger of speed (weapon)
Missiles
 q - a throwing net
Armour
 a - a +2 robe (worn)
 l - an orb of energy (worn)
 x - the +0 cloak of Mysticism (worn) {rF- rCorr Int+3 Dex+4}
   (You found it on level 6 of the Dungeon)

   Int:       It affects your intelligence (+3).
   Dex:       It affects your dexterity (+4).
   rF:        It makes you vulnerable to fire.
   rCorr:     It protects you from acid and corrosion.
Magical Staves
 j - a staff of air
Jewellery
 n - a ring of positive energy (right hand)
 p - a +4 ring of protection (left hand)
 r - a ring of willpower
 s - an amulet of faith
Wands
 b - a wand of paralysis (9)
 g - a wand of mindburst (10)
Scrolls
 d - a scroll of enchant armour
 e - 3 scrolls of identify
 f - 2 scrolls of teleportation
 i - 2 scrolls of blinking
 u - a scroll of fear {unknown}
Potions
 h - 4 potions of heal wounds
 k - 2 potions of mutation
 o - a potion of brilliance
 t - a potion of attraction {unknown}
 v - a potion of curing
 w - a potion of ambrosia
 z - a potion of magic


   Skills:
 + Level 4.3 Fighting
 - Level 2.4 Dodging
 - Level 2.4 Stealth
 + Level 8.4 Spellcasting
 + Level 7.7 Conjurations
 - Level 2.5 Hexes
 - Level 2.3 Translocations
 * Level 7.1 Evocations


You had 10 spell levels left.
You knew the following spells:

 Your Spells              Type           Power      Damage    Failure   Level
a - Magic Dart            Conj           100%       1d8       1%          1
b - Searing Ray           Conj           100%       2d8       1%          2
c - Fulminant Prism       Conj/Hex       22%        3d13      4%          4
d - Iskenderun's Mystic   Conj/Tloc      44%        2d10      4%          4
e - Dazzling Flash        Conj/Hex       88%        N/A       1%          3

Your spell library contained the following spells:

 Spells                   Type           Power      Damage    Failure   Level
 Portal Projectile        Hex/Tloc       56%        N/A       4%          3
 Call Canine Familiar     Summ           13%        N/A       12%         3
 Leda's Liquefaction      Hex/Erth       10%        N/A       22%         4


Dungeon Overview and Level Annotations

Branches:
Dungeon (6/15)             Temple (1/1) D:4

Altars:
Ashenzari
Dithmenos
Elyvilon
Fedhas
Gozag
Kikubaaqudgha
Makhleb
Nemelex Xobeh
Qazlal
Sif Muna
Trog
Uskayaw
Vehumet
Wu Jian
Xom
Yredelemnul
Zin
The Shining One

Shops:
D:2 *   D:3 (


Message History

Vehumet accepts your kill.
You hear an angry buzzing noise. x2
Items here: $ )) ? [[ †.
You completely miss the vampire mosquito.
The vampire mosquito bites you.
The vampire mosquito draws strength from your injuries!
The vampire mosquito closely misses you.
You closely miss the vampire mosquito.
The vampire mosquito closely misses you. 2 vampire mosquitoes come into view.
You closely miss the vampire mosquito. The vampire mosquito misses you.
You hit the vampire mosquito.
The vampire mosquito is lightly damaged.
The vampire mosquito barely misses you.
You hit the vampire mosquito.
The vampire mosquito is moderately damaged.
The vampire mosquito bites you.
The vampire mosquito draws strength from your injuries!
The vampire mosquito bites you!
The vampire mosquito draws strength from your injuries!
You are too injured to fight recklessly!
You are too injured to fight recklessly!
You are too injured to fight recklessly!
You are too injured to fight recklessly!
You are too injured to fight recklessly!
You are too injured to fight recklessly!
You are too injured to fight recklessly!
You are too injured to fight recklessly!
The vampire mosquito bites you!
* * * LOW HITPOINT WARNING * * *
The vampire mosquito draws strength from your injuries!
Items here: )) ? [[.
The vampire mosquito attacks as you move away!
The vampire mosquito bites you but does no damage.
The vampire mosquito bites you.
* * * LOW HITPOINT WARNING * * *
The vampire mosquito draws strength from your injuries!
The vampire mosquito attacks as you move away!
The vampire mosquito bites you.
You die...

...................
#############.........#.##
........'.. .......#.##
......#..# # ........#'#.
#'#§§.....{
###################.#.....@..
†.))))......)...@yyy)........
###################.#.##.#'##
##### #.#... ..... #.#....#
..... #.#....# ..... #.#....#
..... #.#....# ####. #.#....#


You could see 3 vampire mosquitoes.

Vanquished Creatures
  Maggie (D:6)
  2 black bears
  An ogre (D:5)
  3 phantoms (D:5)
  Blork the orc (D:6)
  A bullfrog (D:5)
  4 necrophages
  2 scorpions
  4 wights (D:6)
  A howler monkey (D:5)
  A jelly (D:6)
  3 hounds
  5 orc priests
  8 iguanas
  4 orc wizards
  4 gnolls (D:3)
  11 adders
  2 white imps (D:5)
  3 ufetubi
  A worm (D:3)
  A dart slug (D:1)
  30 orcs
  An endoplasm (D:3)
  3 giant cockroaches
  11 goblins
  9 hobgoblins
  8 jackals
  10 kobolds
  2 quokkas (D:1)
  8 ball pythons
  4 bats (D:1)
  2 frilled lizards
  3 rats
154 creatures vanquished.

Vanquished Creatures (others)
  A kobold (D:4)
  18 fulminant prisms
19 creatures vanquished.

Grand Total: 173 creatures vanquished

Notes
Turn   | Place    | Note
-------+----------+-------------------------------------------
     0 | D:1      | ZappyNine the Deep Elf Conjurer began the quest for the
                  | Orb.
     0 | D:1      | Reached XP level 1. HP: 10/10 MP: 6/6
    96 | D:1      | Reached XP level 2. HP: 2/15 MP: 2/8
   363 | D:1      | Learned a level 2 spell: Searing Ray
   432 | D:1      | Reached skill level 5 in Conjurations
  1230 | D:2      | Reached XP level 3. HP: 6/19 MP: 5/9
  1517 | D:2      | Found Poruoshresa's General Store.
  1908 | D:2      | Reached skill level 1 in Evocations
  2032 | D:2      | Found a faded altar of an unknown god.
  2117 | D:2      | Reached XP level 4. HP: 24/24 MP: 7/11
  2598 | D:2      | Learned a level 4 spell: Fulminant Prism
  2892 | D:3      | Found Kalucsi's Weapon Shop.
  2970 | D:3      | Found a bloodstained altar of Trog.
  2984 | D:3      | Found a stormy altar of Qazlal.
  3170 | D:3      | Reached skill level 4 in Spellcasting
  3170 | D:3      | Reached skill level 1 in Hexes
  3427 | D:3      | Reached XP level 5. HP: 27/28 MP: 7/13
  4648 | D:3      | Learned a level 4 spell: Iskenderun's Mystic Blast
  4865 | D:4      | Reached skill level 5 in Spellcasting
  4951 | D:4      | Reached skill level 1 in Translocations
  4951 | D:4      | Reached XP level 6. HP: 32/32 MP: 8/15
  5090 | D:4      | Reached skill level 1 in Fighting
  5104 | D:4      | Reached XP level 7. HP: 37/38 MP: 0/17
  5227 | D:4      | Found a white marble altar of Elyvilon.
  5268 | D:4      | Found a staircase to the Ecumenical Temple.
  5931 | D:5      | Entered Level 5 of the Dungeon
  5953 | D:5      | Identified the +0 ring mail "Trusted Companion" {rElec
                  | Will+ Int-5 Stlth+}
  6268 | D:5      | Reached skill level 5 in Evocations
  6463 | D:5      | Found a basalt altar of Yredelemnul.
  6541 | D:5      | Reached XP level 8. HP: 43/46 MP: 9/18
  6962 | D:5      | Reached skill level 6 in Spellcasting
  7417 | D:5      | Reached skill level 7 in Spellcasting
  8062 | Temple   | Entered the Ecumenical Temple
  8158 | Temple   | Became a worshipper of Vehumet
  8429 | D:6      | Identified the +0 cloak of Mysticism {rF- rCorr Int+3
                  | Dex+4}
  8690 | D:6      | Reached skill level 8 in Spellcasting
  8841 | D:6      | Noticed Blork the orc
  8850 | D:6      | Killed Blork the orc
  8851 | D:6      | Reached XP level 9. HP: 52/52 MP: 10/23
  8855 | D:6      | Learned a level 3 spell: Dazzling Flash
  8950 | D:6      | Noticed Maggie
  8965 | D:6      | Killed Maggie
  8981 | D:6      | Slain by a vampire mosquito

Illustrated notes

Levels and vault maps discovered:
D:1:      minmay_arrival_hallway, layout_rooms, serial_forest,
          infiniplex_forest_lined_2, infiniplex_forest_straight_1,
          infiniplex_forest_lined_room_, infiniplex_forest_straight_4,
          infiniplex_forest_lined_4_way
D:2:      layout_basic, hellmonk_ecumenical_altar_prayer_group, serial_shops,
          nicolae_shop_temple_entry_statues_fountains, minmay_goblin_outpost
D:3:      layout_basic, mainiacjoe_overflow_concentric_impassable,
          lemuel_crystal_altar, serial_shops, nicolae_shop_crystal,
          amethyst_killhole, minmay_starry_boxes
D:4:      layout_cave_pools, elyvilon_altar_4, temple_doors_ab,
          grunt_decor_junction, kennysheep_generic_room_14
D:5:      minmay_thinvault, layout_cave_pools, mainiacjoe_overflow_paths
D:6:      layout_basic, uniq_maggie, uniq_blork_the_orc, uniq_duvessa
Temple:   nicolae_temple_great_sept

Skill      XL: |  1  2  3  4  5  6  7  8  9 |
---------------+----------------------------+-----
Conjurations   | 5 7 |  7.7
Evocations     | 1 2 3 5 6 7 |  7.1
Spellcasting   | 4 5 8 |  8.4
Hexes          | 1 2 |  2.5
Translocations | 1 2 |  2.3
Fighting       | 1 3 4 |  4.3
Dodging        | |  2.4
Stealth        | |  2.4

Action                   |  1- 3 |  4- 6 |  7- 9 || total
-------------------------+-------+-------+-------++-------
Melee: Dagger            |    42 |    27 |    27 ||    96
       Unarmed           |     1 |       |       ||     1
 Cast: Magic Dart        |    33 |    35 |    42 ||   110
       Searing Ray       |     5 |    16 |    45 ||    66
       Fulminant Prism   |       |     5 |    13 ||    18
       Iskenderun's Myst |       |     2 |     7 ||     9
  Use: Scroll            |       |       |    15 ||    15
       Potion            |       |       |     1 ||     1
 Stab: Sleeping          |     2 |       |     1 ||     3
Armor: Robe              |    11 |    14 |    32 ||    57
Dodge: Dodged            |    32 |    33 |    46 ||   111

Table legend: (Time is in decaauts)
 A = Elapsed time spent in this place.
 B = Non-inter-level travel time spent in this place.
 C = Inter-level travel time spent in this place.
 D = Time resting spent in this place.
 E = Time spent auto-exploring this place.
 F = Levels seen in this place.
 G = Mean time per level.
                   A        B        C        D        E       F      G
               +--------+--------+--------+--------+--------+-----+--------+
         Total |   8952 |   8652 |    300 |   1737 |   5729 |   7 | 1278.9 |
       Dungeon |   8846 |   8562 |    284 |   1737 |   5666 |   6 | 1474.3 |
        Temple |    106 |     91 |     15 |      0 |     63 |   1 |  106.0 |
               +--------+--------+--------+--------+--------+-----+--------+

Top non-repeatable levels by time:
     D:5: 2110 daAuts
     D:3: 2043 daAuts
     D:2: 1653 daAuts
     D:4: 1255 daAuts
     D:1: 998 daAuts
     D:6: 784 daAuts
  Temple: 106 daAuts
